[Event "WCCC G12 2019"]
[Site "Weifang"]
[Date "2019.08.25"]
[Round "5"]
[White "Peng, Sophia"]
[Black "Manko, Mariya"]
[Result "0-1"]
[ECO "C55"]
[WhiteElo "1471"]
[BlackElo "1895"]
[Annotator "NA"]
[PlyCount "72"]
[EventDate "2019.08.21"]
[EventType "swiss"]
[EventCountry "CHN"]
[SourceTitle "playchess.com"]
[Source "ChessBase"]
[SourceQuality "1"]
[TimeControl "40/5400+30:1800+30"]

1. e4 e5 2. Nf3 Nc6 3. Bb5 a6 4. Ba4 Nf6 5. O-O Be7 6. d3 b5 7. Bb3 d6 8. c3 O-O 9. h3 Na5 10. Bc2 $11 c5 11. d4 Nc6 12. Re1 Bb7 13. d5 Na5 14. Nbd2 g6 15. Nf1 Nh5 16. Bh6 Ng7 17. Ng3 Bc8 18. a4 b4 19. cxb4 cxb4 20. Nh2 f5 21. exf5 gxf5 22. Nh5 Bf6 23. g4 Qe8 24. g5 Nxh5 25. Bxf8 Bxg5 26. Bxd6 Qg6 27. Kf1 Nc4 28. Bxb4 a5 29. Bc3 Ba6 30. Bd3 Nf4 31. Be2 Bh4 32. Ng4 fxg4 33. hxg4 Qe4 34. f3 Qe3 35. Bd4 exd4 36. Bxc4 Qf2# 0-1

[Event "WCCC G12 2019"]
[Site "Weifang"]
[Date "2019.08.25"]
[Round "5"]
[White "Wang, Tianna"]
[Black "Tang, Zoey"]
[Result "*"]
[ECO "A48"]
[WhiteElo "1409"]
[BlackElo "1866"]
[Annotator "NA"]
[PlyCount "37"]
[EventDate "2019.08.21"]
[EventType "swiss"]
[EventCountry "CHN"]
[SourceTitle "playchess.com"]
[Source "ChessBase"]
[SourceQuality "1"]
[TimeControl "40/5400+30:1800+30"]

1. d4 Nf6 2. Bf4 g6 3. Nf3 Bg7 4. e3 O-O 5. Be2 d6 6. h3 c5 7. O-O b6 8. c3 Bb7 9. Nbd2 Nbd7 10. Re1 a6 11. Rc1 $11 Rc8 12. Qb3 cxd4 13. exd4 Nh5 14. Bh2 Bh6 15. c4 Nf4 16. Bf1 Ne6 17. Ne4 Bg7 18. Qd1 Nf6 19. d5 *

[Event "WCCC G12 2019"]
[Site "Weifang"]
[Date "2019.08.26"]
[Round "6.3"]
[White "Li, Yingxuan"]
[Black "Shvedova, Alexandra"]
[Result "0-1"]
[ECO "D36"]
[WhiteElo "1599"]
[BlackElo "1932"]
[Annotator "NA"]
[PlyCount "54"]
[EventDate "2019.08.21"]
[EventType "swiss"]
[EventCountry "CHN"]
[SourceTitle "playchess.com"]
[Source "ChessBase"]
[SourceQuality "1"]
[TimeControl "40/5400+30:1800+30"]

1. d4 d5 2. c4 e6 3. Nc3 Nf6 4. cxd5 exd5 5. Bg5 c6 6. e3 Be7 7. Qc2 Bg4 8. h3 Bh5 9. f4 h6 10. Bxf6 Bxf6 11. Bd3 O-O 12. g4 Bg6 13. Bxg6 fxg6 14. Qxg6 Qe7 15. Kd2 Re8 16. Qd3 Na6 17. a3 Rad8 18. Nf3 c5 19. Ne5 Nc7 20. Ne2 Ne6 21. Raf1 Bxe5 22. fxe5 Ng5 23. Ng3 Rf8 24. Rf5 c4 25. Qc2 b5 26. Qc3 g6 27. Rf4 Ne6 0-1

[Event "WCCC G12 2019"]
[Site "Weifang"]
[Date "2019.08.26"]
[Round "6.4"]
[White "Nguyen, Le Cam Hien"]
[Black "Bayasgalan, Khishigbaatar"]
[Result "1-0"]
[ECO "B42"]
[WhiteElo "1579"]
[BlackElo "1643"]
[Annotator "NA"]
[PlyCount "81"]
[EventDate "2019.08.21"]
[EventType "swiss"]
[EventCountry "CHN"]
[SourceTitle "playchess.com"]
[Source "ChessBase"]
[SourceQuality "1"]
[TimeControl "40/5400+30:1800+30"]

1. e4 c5 2. Nf3 e6 3. d4 cxd4 4. Nxd4 a6 5. c4 Nf6 6. Bd3 Qc7 7. O-O b6 8. Nc3 Bb7 9. Be3 Be7 10. Rc1 O-O 11. f4 d6 12. f5 e5 13. Nd5 Qd8 14. Nc2 Nxd5 15. cxd5 Nd7 16. Rf3 a5 17. Rh3 Bg5 18. Qh5 h6 19. Rf1 f6 20. Rg3 Qe8 21. Qxe8 Rfxe8 22. Bb5 Red8 23. Bxd7 Bxe3+ 24. Nxe3 Rxd7 25. Nc4 Ra6 26. a4 Bc8 27. Rc3 Bb7 28. Rfc1 Kf8 29. Na3 Ra8 30. Nb5 Ke7 31. Rc7 Rad8 32. R7c3 Ra8 33. Rb3 Rb8 34. Rbc3 Ra8 35. Kf2 Ba6 36. Nc7 Ra7 37. Nxa6 Rxa6 38. Rc6 {Ra7 Rb6} Rb7 {Rcc6} 39. Rc7+ Rxc7 40. Rxc7+ {Ke3} Kf8 41. Kf3 {Rc4 Rd7} 1-0

[Event "WCCC G12 2019"]
[Site "Weifang"]
[Date "2019.08.26"]
[Round "6.5"]
[White "Nguyen, Ha Khanh Linh"]
[Black "Wei, Yaqing"]
[Result "*"]
[ECO "E40"]
[WhiteElo "1500"]
[BlackElo "1640"]
[Annotator "NA RC"]
[PlyCount "85"]
[EventDate "2019.08.21"]
[EventType "swiss"]
[EventCountry "CHN"]
[SourceTitle "playchess.com"]
[Source "ChessBase"]
[SourceQuality "1"]
[TimeControl "40/5400+30:1800+30"]

1. d4 Nf6 2. c4 e6 3. Nc3 Bb4 4. e3 Bxc3+ 5. bxc3 b6 6. Qf3 d5 7. cxd5 Qxd5 8. Bd3 Bb7 9. Qxd5 Bxd5 10. Ne2 O-O 11. f3 Rc8 12. e4 Bb7 13. Bg5 Nbd7 14. Kd2 h6 15. Bxf6 Nxf6 16. Rhb1 Nd7 17. Ng3 Kf8 18. Nf1 c5 19. a4 a5 20. Ne3 Ba6 21. Bxa6 Rxa6 22. Kd3 cxd4 23. cxd4 Ra7 24. Rc1 Rac7 25. Rxc7 Rxc7 26. Nc4 Rb7 27. Rb1 Rb8 28. Rb5 f6 29. f4 g5 30. g3 Ke7 31. Ne3 gxf4 32. gxf4 Rg8 33. Rh5 Rg1 34. Nc2 e5 35. fxe5 fxe5 36. Rxh6 exd4 37. Kxd4 Rg2 38. Ne3 Ra2 39. Nd5+ Ke8 40. Nc3 Rb2 41. h4 Nc5 42. h5 Rb4+ 43. Kd5 *

[Event "WCCC G12 2019"]
[Site "Weifang"]
[Date "2019.08.26"]
[Round "6.6"]
[White "Enkhbolor Nyamdavaa"]
[Black "Wang, Yuehan"]
[Result "0-1"]
[ECO "B48"]
[WhiteElo "1627"]
[BlackElo "1600"]
[Annotator "NA"]
[PlyCount "94"]
[EventDate "2019.08.21"]
[EventType "swiss"]
[EventCountry "CHN"]
[SourceTitle "playchess.com"]
[Source "ChessBase"]
[SourceQuality "1"]
[TimeControl "40/5400+30:1800+30"]

1. e4 c5 2. Nf3 Nc6 3. d4 cxd4 4. Nxd4 Qc7 5. Nc3 e6 6. Be3 a6 7. Qd2 Nf6 8. f3 Be7 9. O-O-O h5 10. Be2 b5 11. a3 Ne5 12. Bf4 d6 13. Ndxb5 axb5 14. Nxb5 Qc6 15. Nxd6+ Bxd6 16. Qxd6 Qxd6 17. Rxd6 Ned7 18. Rhd1 O-O 19. c4 Nc5 20. e5 Ne8 21. Rd8 Nb7 22. R8d3 Nc5 23. Rd8 Nb7 24. R8d3 Nc5 25. Rc3 Ba6 26. b4 Na4 27. Rb3 Nc7 28. b5 Nc5 29. Rb4 Bb7 30. Be3 Na4 31. Rd7 Rfc8 32. Rb3 Rab8 33. Ba7 Ra8 34. Bd4 Kf8 35. b6 Na6 36. Rb1 N6c5 37. Rd6 Ke7 38. Bd1 f6 39. Be2 Nd7 40. f4 Ndc5 41. Bxc5 Nxc5 42. Kb2 Na4+ 43. Kb3 Nc5+ 44. Kb2 Ne4 45. Rd4 Rc6 46. Kc2 f5 47. Bf3 Rxa3 0-1

[Event "WCCC G12 2019"]
[Site "Weifang"]
[Date "2019.08.26"]
[Round "6.7"]
[White "Savitha Shri B"]
[Black "Wang, Xiyue"]
[Result "1-0"]
[ECO "B42"]
[WhiteElo "2010"]
[BlackElo "1540"]
[Annotator "NA"]
[PlyCount "108"]
[EventDate "2019.08.21"]
[EventType "swiss"]
[EventCountry "CHN"]
[SourceTitle "playchess.com"]
[Source "ChessBase"]
[SourceQuality "1"]
[TimeControl "40/5400+30:1800+30"]

1. e4 c5 2. Nf3 e6 3. d4 cxd4 4. Nxd4 a6 5. Bd3 Nc6 6. Nxc6 dxc6 7. Nd2 Qc7 8. O-O e5 9. a4 Nf6 10. Nc4 Be6 11. Qe2 Be7 12. Bd2 Bxc4 13. Bxc4 O-O 14. a5 c5 15. Ra3 Rad8 16. Re3 Kh8 17. Rh3 Rd4 18. f3 Rd7 $16 (18... Qd7) ({Black should play} 18... Rfd8 $14 19. Bc3 Kg8 20. Bxd4 cxd4) 19. b3 Rfd8 20. Bd3 c4 21. bxc4 Bc5+ 22. Kh1 Re8 23. Qe1 Bf8 24. Bg5 Re6 25. f4 h6 26. f5 Rc6 27. Bd2 Nh7 28. g4 Be7 29. Rhf3 Qd8 30. Qa1 Qc7 31. Be1 Ng5 32. Re3 f6 33. Bd2 Bc5 34. Rg3 Nxe4 35. Bxe4 Rxd2 36. g5 fxg5 37. Qa4 Rf6 38. Rb3 Qf7 39. Rd3 Rxd3 40. cxd3 g6 41. Rb1 Rxf5 42. Bxf5 Qxf5 43. Qd1 e4 44. Qf1 Qxf1+ 45. Rxf1 exd3 46. Rd1 Bb4 47. Rxd3 Bxa5 48. Rd6 b6 49. Rd7 Bb4 50. Ra7 b5 51. Rxa6 bxc4 52. Rxg6 Kh7 53. Rc6 c3 54. Kg2 c2 1-0

[Event "WCCC G12 2019"]
[Site "Weifang"]
[Date "2019.08.26"]
[Round "6.8"]
[White "Velea, Sophie"]
[Black "Manko, Mariya"]
[Result "1/2-1/2"]
[ECO "B70"]
[WhiteElo "1533"]
[BlackElo "1895"]
[Annotator "NA"]
[PlyCount "91"]
[EventDate "2019.08.21"]
[EventType "swiss"]
[EventCountry "CHN"]
[SourceTitle "playchess.com"]
[Source "ChessBase"]
[SourceQuality "1"]
[TimeControl "40/5400+30:1800+30"]

1. e4 c5 2. Nf3 g6 3. d4 cxd4 4. Nxd4 Bg7 5. Nc3 Nc6 6. Nde2 Nf6 7. g3 O-O 8. Bg2 d6 9. O-O Qa5 10. h3 Qh5 11. Nf4 Qxd1 12. Rxd1 Rb8 13. Nfe2 Be6 14. Be3 Nd7 $11 15. Nd4 Nxd4 16. Bxd4 Bxd4 17. Rxd4 Rfc8 18. Rc1 b5 19. Nd5 Bxd5 20. Rxd5 a6 21. f4 Nb6 22. Rd3 Na4 23. Rb3 Rc4 24. a3 Rbc8 25. c3 Rb8 26. Re1 Nc5 27. Rb4 Nd3 28. Rxc4 bxc4 29. Rb1 Nxb2 30. Bf1 Rb6 31. Kf2 Kf8 32. Ke3 Ke8 33. Kd2 a5 34. Be2 f6 35. Bd1 Kd8 36. Bc2 Na4 37. Rxb6 Nxb6 38. Bd1 Kc7 39. h4 Kc6 40. Ke3 Kc5 41. g4 h6 42. g5 fxg5 43. hxg5 hxg5 44. fxg5 Nd7 45. Ba4 Ne5 46. Be8 1/2-1/2

[Event "WCCC G12 2019"]
[Site "Weifang"]
[Date "2019.08.26"]
[Round "6.9"]
[White "Racasa, Antonella Berthe"]
[Black "Jiang, Kate Yuhua"]
[Result "1/2-1/2"]
[ECO "D02"]
[WhiteElo "1380"]
[BlackElo "1671"]
[Annotator "NA"]
[PlyCount "86"]
[EventDate "2019.08.21"]
[EventType "swiss"]
[EventCountry "CHN"]
[SourceTitle "playchess.com"]
[Source "ChessBase"]
[SourceQuality "1"]
[TimeControl "40/5400+30:1800+30"]

1. d4 d5 2. Bf4 Nf6 3. e3 e6 4. c3 c5 5. Nd2 Nc6 6. Ngf3 Bd6 7. Bg3 O-O 8. Bd3 Re8 9. O-O e5 10. dxe5 Nxe5 11. Nxe5 Bxe5 12. Bxe5 Rxe5 13. Nf3 Re8 14. c4 Bg4 15. cxd5 Qxd5 16. Be2 Rad8 17. Qxd5 Nxd5 18. Rac1 b6 19. Rfd1 Nf6 20. Kf1 Kf8 21. h3 Be6 22. Rxd8 Rxd8 23. Bc4 Bxc4+ 24. Rxc4 Rc8 25. a4 Nd5 26. Ke2 a6 27. Ne5 Rc7 28. Nd3 a5 29. b3 Ke7 30. Rc1 Ke6 31. Nb2 f5 32. Nc4 Re7 33. Kf3 Kd7 34. Rd1 Kc6 35. Rd2 Re6 36. Rd3 g5 37. g3 h5 38. Rd2 Re7 39. Rd1 Re6 40. Rd2 Re8 41. Rd1 Re7 42. Rd2 Re6 43. Rd1 Re7 1/2-1/2

[Event "WCCC G12 2019"]
[Site "Weifang"]
[Date "2019.08.26"]
[Round "6.10"]
[White "Sun, Chen"]
[Black "Zakirova, Aisha"]
[Result "0-1"]
[ECO "B26"]
[WhiteElo "1529"]
[BlackElo "1595"]
[Annotator "NA"]
[PlyCount "67"]
[EventDate "2019.08.21"]
[EventType "swiss"]
[EventCountry "CHN"]
[SourceTitle "playchess.com"]
[Source "ChessBase"]
[SourceQuality "1"]
[TimeControl "40/5400+30:1800+30"]

1. e4 c5 2. Nc3 Nc6 3. g3 g6 4. Bg2 Bg7 5. d3 d6 6. Be3 Nf6 7. h3 O-O 8. Nge2 Rb8 9. O-O b5 10. Qd2 b4 11. Nd1 Bd7 12. Bh6 Nd4 13. Bxg7 Kxg7 14. f4 e6 15. Ne3 Ng8 16. c3 Nxe2+ 17. Qxe2 bxc3 18. bxc3 Qa5 19. Qd2 Ne7 20. e5 d5 21. Ng4 Ng8 22. Nf2 f6 23. Rfe1 f5 24. Qc1 Rb6 25. c4 d4 26. g4 Ne7 27. Re2 Rfb8 28. Nd1 Qa4 29. g5 Nc6 30. Bf3 Nb4 31. Rd2 Bc6 32. a3 Na6 33. Bg2 Bxg2 34. Kxg2 0-1

[Event "WCCC G12 2019"]
[Site "Weifang"]
[Date "2019.08.29"]
[Round "7"]
[White "Mikheeva, Galina"]
[Black "Nguyen, Le Cam Hien"]
[Result "1-0"]
[ECO "B25"]
[WhiteElo "1952"]
[BlackElo "1579"]
[Annotator "NA"]
[PlyCount "85"]
[EventDate "2019.08.21"]
[EventType "swiss"]
[EventCountry "CHN"]
[SourceTitle "playchess.com"]
[Source "ChessBase"]
[SourceQuality "1"]
[TimeControl "40/5400+30:1800+30"]

1. e4 c5 2. f4 Nc6 3. Nf3 g6 4. g3 Bg7 5. Bg2 d6 6. d3 e6 7. Nc3 Nge7 8. O-O O-O 9. Be3 Nd4 10. Rb1 Nec6 11. Ne2 b6 12. c3 Nxf3+ 13. Bxf3 d5 14. d4 c4 15. b3 cxb3 16. axb3 Bb7 17. g4 Ne7 18. e5 Rc8 19. Qd3 Qd7 20. Ng3 f5 21. exf6 Rxf6 22. Rbe1 Rcf8 23. Bd2 R6f7 24. Rf2 Bc8 25. h4 Qd6 26. Kg2 Bh6 27. g5 Bg7 28. h5 Nf5 29. Nxf5 exf5 30. h6 Bh8 31. Qb5 Bb7 32. Rfe2 Qd7 33. Qxd7 Rxd7 34. Re7 Rxe7 35. Rxe7 Rf7 36. Rxb7 Rxb7 37. Bxd5+ Kf8 38. Bxb7 b5 39. Kf3 b4 40. Ke3 bxc3 41. Bxc3 Ke7 42. Bd5 a6 43. Bb4+ 1-0

[Event "WCCC G12 2019"]
[Site "Weifang"]
[Date "2019.08.29"]
[Round "7"]
[White "Shvedova, Alexandra"]
[Black "Yan, Ruiyang"]
[Result "0-1"]
[ECO "B55"]
[WhiteElo "1932"]
[BlackElo "1983"]
[Annotator "NA"]
[PlyCount "98"]
[EventDate "2019.08.21"]
[EventType "swiss"]
[EventCountry "CHN"]
[SourceTitle "playchess.com"]
[Source "ChessBase"]
[SourceQuality "1"]
[TimeControl "40/5400+30:1800+30"]

1. e4 c5 2. Nf3 d6 3. d4 cxd4 4. Nxd4 Nf6 5. f3 e5 6. Nb3 d5 7. Bb5+ Nc6 8. exd5 Nxd5 9. Qe2 Be7 10. O-O O-O 11. c4 Nf4 12. Bxf4 exf4 13. Nc3 a6 14. Ba4 Nd4 15. Qe4 Nxb3 16. Bxb3 Bc5+ 17. Kh1 Be3 18. Rad1 Qg5 19. Nd5 Be6 20. Nxe3 fxe3 21. f4 Qf5 22. Qxe3 Rac8 23. Rc1 Rfe8 24. Qb6 Bd7 25. Bc2 Qg4 26. Bd1 Qh4 27. Bf3 Re6 28. Qg1 Bc6 29. Bd5 Rd6 30. Bf3 Bxf3 31. Rxf3 Rd2 32. Rb3 Qxf4 33. Rxb7 Rxg2 34. Kxg2 Qe4+ 35. Kg3 Qxb7 36. Qd4 Qe7 37. Qf4 Qe2 38. c5 Re8 39. Rc3 Qe1+ 40. Qf2 Qe5+ 41. Kg2 Qd5+ 42. Kg1 Qd1+ 43. Kg2 Re2 44. Re3 Rxf2+ 45. Kxf2 Kf8 46. c6 Qc2+ 47. Kg3 Qxc6 48. Rc3 Qd6+ 49. Kh3 Qe6+ 0-1

[Event "WCCC G12 2019"]
[Site "Weifang"]
[Date "2019.08.29"]
[Round "7"]
[White "Tang, Zoey"]
[Black "Li, Yingxuan"]
[Result "1-0"]
[ECO "A45"]
[WhiteElo "1866"]
[BlackElo "1599"]
[Annotator "NA"]
[PlyCount "120"]
[EventDate "2019.08.21"]
[EventType "swiss"]
[EventCountry "CHN"]
[SourceTitle "playchess.com"]
[Source "ChessBase"]
[SourceQuality "1"]
[TimeControl "40/5400+30:1800+30"]

1. d4 Nf6 2. Bg5 e6 3. e4 h6 4. Bxf6 Qxf6 5. c3 Qg6 6. Qf3 d6 7. Bd3 e5 8. h3 Nd7 9. Nd2 Be7 10. Ne2 Qf6 11. Qg3 a5 12. O-O Qg5 13. Nf3 Qxg3 14. Nxg3 g6 15. Rfd1 O-O 16. a3 Bf6 17. Nf1 Nb6 18. Ne3 Bg7 19. Nc4 Nxc4 20. Bxc4 Kh7 21. Rd2 f5 22. exf5 gxf5 23. dxe5 dxe5 24. Rad1 Bf6 25. a4 e4 26. Nd4 Bg5 27. Re2 Rd8 28. Ree1 Kg6 29. Nb5 c6 30. Nd6 Bf4 31. Bf7+ Kh7 32. Nxc8 Raxc8 33. Be6 Rxd1 34. Bxf5+ Kg8 35. Rxd1 Re8 36. g3 Bg5 37. h4 Re5 38. hxg5 Rxf5 39. gxh6 Rf6 40. Rd8+ Kh7 41. Rd7+ Kxh6 42. Rxb7 Rd6 43. Re7 Rd1+ 44. Kg2 Re1 45. Re6+ Kg7 46. Rxc6 Re2 47. Kf1 Rxb2 48. Re6 Rb1+ 49. Kg2 Re1 50. Re5 Re2 51. Kf1 Rc2 52. Rxe4 Rxc3 53. Re5 Rc1+ 54. Kg2 Ra1 55. Rxa5 Kf6 56. f4 Ra3 57. g4 Kg6 58. Ra6+ Kg7 59. g5 Kf7 60. f5 Ra2+ 1-0

[Event "WCCC G12 2019"]
[Site "Weifang"]
[Date "2019.08.29"]
[Round "7"]
[White "Karmanova, Olga Dm."]
[Black "Racasa, Antonella Berthe"]
[Result "0-1"]
[ECO "E65"]
[WhiteElo "1838"]
[BlackElo "1380"]
[Annotator "NA"]
[PlyCount "98"]
[EventDate "2019.08.21"]
[EventType "swiss"]
[EventCountry "CHN"]
[SourceTitle "playchess.com"]
[Source "ChessBase"]
[SourceQuality "1"]
[TimeControl "40/5400+30:1800+30"]

1. c4 g6 2. d4 Bg7 3. Nf3 c5 4. d5 d6 5. Nc3 Nf6 6. g3 O-O 7. Bg2 Nbd7 8. O-O a6 9. Re1 Rb8 10. a4 Qc7 11. Nd2 b6 12. e4 Bb7 13. f4 e6 14. h3 exd5 15. cxd5 Rfe8 16. Kh2 Ba8 17. Nc4 b5 18. axb5 axb5 19. Rxa8 Rxa8 20. Nxb5 Qb8 21. Nbxd6 Rf8 22. e5 Ne8 23. f5 Nxd6 24. exd6 Nb6 25. Ne5 Qxd6 26. Bf4 Bxe5 27. Bxe5 Qd7 28. f6 h5 29. Qc1 Kh7 30. Qxc5 Na4 31. Qd4 Qb5 32. Bd6 Rfe8 33. Be7 Nb6 34. d6 Rac8 35. Rd1 Nd7 36. Qd5 Qxd5 37. Bxd5 Kg8 38. Rd2 Rc1 39. Kg2 Nb6 40. Bb3 Rb1 41. Bd1 Rb8 42. d7 Nxd7 43. Rxd7 R1xb2+ 44. Kf3 Rc8 45. Rd3 Rcb8 46. Be2 R2b3 47. Rxb3 Rxb3+ 48. Kf4 Rc3 49. h4 Rb3 0-1

[Event "WCCC G12 2019"]
[Site "Weifang"]
[Date "2019.08.29"]
[Round "7"]
[White "Wei, Yaqing"]
[Black "Savitha Shri B"]
[Result "1/2-1/2"]
[ECO "B88"]
[WhiteElo "1640"]
[BlackElo "2010"]
[Annotator "NA"]
[PlyCount "167"]
[EventDate "2019.08.21"]
[EventType "swiss"]
[EventCountry "CHN"]
[SourceTitle "playchess.com"]
[Source "ChessBase"]
[SourceQuality "1"]
[TimeControl "40/5400+30:1800+30"]

1. e4 c5 2. Nf3 d6 3. d4 cxd4 4. Nxd4 Nf6 5. Nc3 a6 6. a4 e6 7. Bc4 Be7 8. O-O O-O 9. Be3 Qc7 10. Qe2 Nc6 11. f4 Bd7 12. Nb3 Rac8 13. Bd3 Na5 14. Nd2 Ne8 15. Qf2 Qb8 16. Ne2 Bf6 17. c3 Nc6 18. a5 g6 19. Nc4 Bg7 20. Nb6 Rd8 21. b4 Nc7 22. Rab1 Be8 23. c4 f5 24. Nd4 Nxd4 25. Bxd4 e5 26. Be3 fxe4 27. Bxe4 Bc6 28. Qc2 exf4 29. Bxf4 Ne6 30. Bg3 Kh8 31. Bxc6 bxc6 32. c5 Nd4 33. Qd3 Nf5 34. Bxd6 Nxd6 35. cxd6 Qxd6 36. Qxa6 Qd4+ 37. Kh1 c5 38. bxc5 Qxc5 39. Rxf8+ Rxf8 40. h3 Bc3 41. Qb5 Qxb5 42. Rxb5 Rf1+ 43. Kh2 Ra1 44. Nc4 Ra4 45. Rc5 Bb4 46. Rc8+ Kg7 47. Ra8 Bc3 48. Nb6 Rxa5 49. Rxa5 Bxa5 50. Nc4 Bc7+ 51. g3 h5 52. Kg2 g5 53. Kf3 Kg6 54. g4 hxg4+ 55. hxg4 Kf6 56. Ke4 Ke6 57. Ne3 Bf4 58. Nd5 Bc1 59. Nc7+ Kd7 60. Nb5 Ke6 61. Nd4+ Kf6 62. Kd5 Be3 63. Nb5 Bf4 64. Nc3 Bc1 65. Ne4+ Kg6 66. Ke6 Ba3 67. Nd2 Bc1 68. Nc4 Bf4 69. Na5 Kh6 70. Kf6 Bg3 71. Nc6 Bc7 72. Nd4 Bf4 73. Ne6 Bc1 74. Nd8 Bd2 75. Nf7+ Kh7 76. Kf5 Bc1 77. Nxg5+ Bxg5 78. Kxg5 Kg7 79. Kf5 Kf7 80. g5 Kg7 81. g6 Kg8 82. Kf6 Kf8 83. g7+ Kg8 84. Kg6 1/2-1/2

[Event "WCCC G12 2019"]
[Site "Weifang"]
[Date "2019.08.29"]
[Round "7"]
[White "Wang, Yuehan"]
[Black "Nurmanova, Alua"]
[Result "0-1"]
[ECO "B80"]
[WhiteElo "1600"]
[BlackElo "1850"]
[Annotator "NA"]
[PlyCount "85"]
[EventDate "2019.08.21"]
[EventType "swiss"]
[EventCountry "CHN"]
[SourceTitle "playchess.com"]
[Source "ChessBase"]
[SourceQuality "1"]
[TimeControl "40/5400+30:1800+30"]

1. e4 c5 2. Nf3 d6 3. d4 cxd4 4. Nxd4 Nf6 5. Nc3 a6 6. f3 e6 7. Be3 b5 8. a4 b4 9. Na2 Bb7 10. Qd2 d5 11. e5 Nfd7 12. f4 Nc5 13. Bd3 Qb6 14. O-O Nxd3 15. Qxd3 Bc5 16. Nc1 a5 17. Qd2 Ba6 18. Rf3 Bc4 19. Ncb3 Bxb3 20. Nxb3 Bxe3+ 21. Qxe3 Qxe3+ 22. Rxe3 Ke7 23. Nd4 Rc8 24. Re2 Rc4 25. Rd1 Nc6 26. Nxc6+ Rxc6 27. Kf2 Rac8 28. Rdd2 Rc4 29. g3 Rb8 30. b3 Rc5 31. Ke1 h5 32. Rd3 Rbc8 33. Kd1 f6 34. Rde3 R5c6 35. exf6+ gxf6 36. Kc1 Kf7 37. Kb1 Rg8 38. h4 Re8 39. Kb2 Rec8 40. Kb1 Re8 41. Kb2 Rec8 42. Kb1 Re8 43. Kc1 0-1

[Event "WCCC G12 2019"]
[Site "Weifang"]
[Date "2019.08.29"]
[Round "7"]
[White "Zakirova, Aisha"]
[Black "Nguyen, Ha Khanh Linh"]
[Result "0-1"]
[ECO "A21"]
[WhiteElo "1595"]
[BlackElo "1500"]
[Annotator "NA"]
[PlyCount "43"]
[EventDate "2019.08.21"]
[EventType "swiss"]
[EventCountry "CHN"]
[SourceTitle "playchess.com"]
[Source "ChessBase"]
[SourceQuality "1"]
[TimeControl "40/5400+30:1800+30"]

1. d4 d6 2. c4 e5 3. e3 f5 4. Nc3 Nf6 5. dxe5 dxe5 6. Qxd8+ Kxd8 7. e4 Bb4 8. Bd2 c6 9. Nf3 Re8 10. O-O-O Kc7 11. Re1 Ng4 12. Re2 Bc5 13. Be1 f4 14. h3 Nf6 15. Na4 Bf8 16. b4 Nbd7 17. Bc3 b6 18. Re1 Bb7 19. Bd3 a5 20. bxa5 Ba3+ 21. Kc2 bxa5 22. c5 0-1

[Event "WCCC G12 2019"]
[Site "Weifang"]
[Date "2019.08.29"]
[Round "7"]
[White "Anudari Tsogdelger"]
[Black "Manko, Mariya"]
[Result "0-1"]
[ECO "A43"]
[WhiteElo "1594"]
[BlackElo "1895"]
[Annotator "NA"]
[PlyCount "88"]
[EventDate "2019.08.21"]
[EventType "swiss"]
[EventCountry "CHN"]
[SourceTitle "playchess.com"]
[Source "ChessBase"]
[SourceQuality "1"]
[TimeControl "40/5400+30:1800+30"]

1. d4 Nf6 2. c3 c5 3. dxc5 Qc7 4. b4 a5 5. Bb2 g6 6. Na3 Na6 7. Qb3 Bg7 8. Nc4 O-O 9. Nb6 Rb8 10. e3 d6 11. Bxa6 bxa6 12. Qa3 Qc6 13. f3 dxc5 14. bxa5 Ng4 15. e4 Ne3 16. Rc1 Nxg2+ 17. Kf2 Nf4 18. Rd1 c4 19. Ne2 Nd3+ 20. Kg2 Kh8 21. Bc1 f5 22. e5 Nxe5 23. Nd4 Qf6 24. Bf4 Rd8 25. Rhe1 Rxb6 26. Bxe5 Qg5+ 27. Kh1 Bxe5 28. axb6 Qf4 29. Qb2 Bb7 30. Kg1 Rd6 31. Qe2 Qg5+ 32. Kh1 Bf6 33. Ne6 Rxe6 34. Qg2 Rxe1+ 35. Rxe1 Qf4 36. Rf1 Bxc3 37. Qe2 Be5 38. a4 c3 39. a5 g5 40. h3 g4 41. hxg4 fxg4 42. Kg1 gxf3 43. Qc2 Qg3+ 44. Kh1 f2+ 0-1

[Event "WCCC G12 2019"]
[Site "Weifang"]
[Date "2019.08.29"]
[Round "7"]
[White "Wang, Xiyue"]
[Black "Wang, Ellen"]
[Result "1/2-1/2"]
[ECO "B92"]
[WhiteElo "1540"]
[BlackElo "1867"]
[Annotator "NA"]
[PlyCount "94"]
[EventDate "2019.08.21"]
[EventType "swiss"]
[EventCountry "CHN"]
[SourceTitle "playchess.com"]
[Source "ChessBase"]
[SourceQuality "1"]
[TimeControl "40/5400+30:1800+30"]

1. e4 c5 2. Nf3 d6 3. d4 cxd4 4. Nxd4 Nf6 5. Nc3 a6 6. Be2 e5 7. Nb3 Be7 8. O-O O-O 9. f4 b5 10. a4 b4 11. Nd5 Nxd5 12. Qxd5 Qb6+ 13. Kh1 Bb7 14. Qd3 Nd7 15. f5 Rac8 16. Bf3 Qc7 17. Rf2 Rfe8 18. g4 h6 19. Rg2 Nf8 20. g5 hxg5 21. Bxg5 Bxg5 22. Rxg5 Nh7 23. Rg2 f6 24. h4 d5 25. Rag1 Re7 26. exd5 Qc4 27. Be4 Qxd3 28. cxd3 Rd8 29. Nc5 Bxd5 30. Bxd5+ Rxd5 31. Ne6 Rdd7 32. Rc2 Re8 33. Rc4 Nf8 34. Nc5 Rd4 35. Rxd4 exd4 36. Nxa6 Re5 37. Nxb4 Rxf5 38. Rg4 Ne6 39. Re4 Kf7 40. Nc6 Rc5 41. Nxd4 Nxd4 42. Rxd4 Rc1+ 43. Kg2 Rc2+ 44. Kf3 Rxb2 45. Rc4 Ke6 46. Ke3 Kd5 47. Rg4 Ra2 1/2-1/2

[Event "WCCC G12 2019"]
[Site "Weifang"]
[Date "2019.08.29"]
[Round "7"]
[White "Liu, Kelsey"]
[Black "Ivanova, Dilyana"]
[Result "0-1"]
[ECO "B80"]
[WhiteElo "1486"]
[BlackElo "1673"]
[Annotator "NA"]
[PlyCount "76"]
[EventDate "2019.08.21"]
[EventType "swiss"]
[EventCountry "CHN"]
[SourceTitle "playchess.com"]
[Source "ChessBase"]
[SourceQuality "1"]
[TimeControl "40/5400+30:1800+30"]

1. e4 c5 2. Nf3 e6 3. Nc3 d6 4. d4 cxd4 5. Nxd4 Nf6 6. g3 Be7 7. Bg2 O-O 8. Be3 Nc6 9. O-O Bd7 10. Kh1 a6 11. Qe2 Rc8 12. Rad1 Qc7 13. f4 Nxd4 14. Bxd4 e5 15. Be3 b5 16. a3 Bc6 17. f5 Qb7 18. Bc1 Rfd8 19. Qf3 a5 20. Rf2 b4 21. Nd5 Bxd5 22. exd5 Rc4 23. Bf1 Rc5 24. g4 Rxd5 25. g5 e4 26. Qe2 Rxd1 27. Qxd1 e3+ 28. Bg2 Ne4 29. Rf4 d5 30. f6 Bd6 31. Rxe4 dxe4 32. Bxe3 bxa3 33. bxa3 Bc7 34. Qa1 Qd5 35. Bh3 Qd6 36. Bg1 e3 37. Qc3 e2 38. Bg2 Qd1 0-1

[Event "WCCC G12 2019"]
[Site "Weifang"]
[Date "2019.08.29"]
[Round "8.1"]
[White "Nurmanova, Alua"]
[Black "Yan, Ruiyang"]
[Result "0-1"]
[ECO "B94"]
[WhiteElo "1850"]
[BlackElo "1983"]
[Annotator "NA"]
[PlyCount "74"]
[EventDate "2019.08.21"]
[EventType "swiss"]
[EventCountry "CHN"]
[SourceTitle "playchess.com"]
[Source "ChessBase"]
[SourceQuality "1"]
[TimeControl "40/5400+30:1800+30"]

1. e4 c5 2. Nf3 d6 3. d4 cxd4 4. Nxd4 Nf6 5. Nc3 a6 6. Bg5 Nbd7 7. Bc4 Qb6 8. Bb3 e6 9. Qd2 Be7 10. O-O-O Nc5 11. Qe2 Qc7 $11 12. f4 b5 13. Rhe1 b4 14. Bxf6 gxf6 15. Nd5 exd5 16. exd5 Kf8 17. Nc6 Bd8 18. Qh5 h6 19. Re3 Bd7 20. Rde1 Rc8 21. Bc4 f5 22. Ne5 Rh7 23. Nxd7+ Qxd7 24. Re8+ Kg7 25. Qh3 Bh4 26. Rxc8 Bxe1 27. Ra8 Rh8 28. Rxh8 Kxh8 29. Qxh6+ Kg8 30. Qg5+ Kf8 31. Qh6+ Ke8 32. Qh8+ Ke7 33. Kd1 Bf2 34. Ke2 Ne4 35. Bd3 Qa7 36. Qh3 Ng3+ 37. Kd1 Qe3 0-1